PBL
KELOWNA HEAT @ PALM BEACH NATIONALS
09/16/2048
 
TOP OF THE 1ST
Kelowna Heat batting - Pitching for Palm Beach Nationals : RHP Faradur Bhutani
Pitching: RHP Faradur Bhutani
Batting: LHB Ricardo Torres 0-0: Ground out 5-3 (Groundball, 56, EV 86.9 MPH)
Batting: LHB Adrian Navarro 0-0: Called Strike
0-1: Foul Ball, location: 2F
0-2: Ball
1-2: Ground out 4-3 (Groundball, 4, EV 88.1 MPH)
Batting: RHB Mike Storey 0-0: Called Strike
0-1: Ball
1-1: Swinging Strike
1-2: Foul Ball, location: 2F
1-2: Foul Ball, location: 2F
1-2: Strikes out swinging
Top of the 1st over - 0 runs, 0 hits, 0 errors, 0 left on base; Kelowna 0 - Palm Beach 0
BOTTOM OF THE 1ST
Palm Beach Nationals batting - Pitching for Kelowna Heat : RHP Jerry Schlaak
Pitching: RHP Jerry Schlaak
Batting: RHB Qian Tai 0-0: Ball
1-0: Called Strike
1-1: SINGLE (Line Drive, 8RS, EV 85.6 MPH)
Batting: RHB Joe Simmelink 0-0: SINGLE (Groundball, P, EV 83.1 MPH) (infield hit)
Qian Tai to second
Batting: RHB Rudolph Lentz 0-0: Ball
1-0: Called Strike
1-1: SINGLE (Line Drive, 78M, EV 93.1 MPH)
Qian Tai to third
Joe Simmelink to second
Batting: RHB Victor Rojas 0-0: Fly out, F8 (Flyball, 78M, EV 89.4 MPH)
Batting: RHB Kenny Ball 0-0: GRAND SLAM HOME RUN (Flyball, 7D, EV 106.2 MPH), Distance : 409 ft
Batting: RHB Jason Curry 0-0: Called Strike
0-1: Ball
1-1: Ball
2-1: Ball
3-1: Called Strike
3-2: SOLO HOME RUN (Flyball, 9D, EV 98.1 MPH), Distance : 364 ft
Batting: RHB Ben Lowe 0-0: Foul Ball, location: 2F
0-1: SOLO HOME RUN (Flyball, 7LD, EV 101.2 MPH), Distance : 389 ft
Batting: LHB Dusty Jones 0-0: Ball
1-0: Ball
2-0: Ball
3-0: Base on Balls
Batting: RHB Alex Gonzalez Pickoff Throw to First - Out! 1-3 CS
0-0: Ball
1-0: Called Strike
1-1: Ball
2-1: Swinging Strike
2-2: Strikes out swinging
Bottom of the 1st over - 6 runs, 6 hits, 0 errors, 0 left on base; Kelowna 0 - Palm Beach 6
TOP OF THE 2ND
Kelowna Heat batting - Pitching for Palm Beach Nationals : RHP Faradur Bhutani
Batting: RHB Soichi Kaneshiro 0-0: Called Strike
0-1: Ball
1-1: SINGLE (Groundball, 3D, EV 101.9 MPH)
Batting: SHB Michael Woodard 0-0: Foul Ball, location: 2F
0-1: Called Strike
0-2: Ball
1-2: Foul Ball, location: 2F
1-2: Strikes out swinging
Batting: RHB Sean Gilbert 0-0: Ball
1-0: Ball
2-0: Called Strike
2-1: Hit by Pitch
Soichi Kaneshiro to second
Batting: RHB Glen Limeburner 0-0: Ball
1-0: 3-RUN HOME RUN (Flyball, 89XD, EV 104.4 MPH), Distance : 414 ft
Batting: RHB Joe Nelson 0-0: Called Strike
0-1: Ball
1-1: Swinging Strike
1-2: Ball
2-2: Ball
3-2: Strikes out swinging
Batting: RHB Danny Estrada 0-0: Called Strike
0-1: Ball
1-1: Swinging Strike
1-2: Foul Ball, location: 2F
1-2: Ground out 5-3 (Groundball, 56, EV 103.1 MPH)
Top of the 2nd over - 3 runs, 2 hits, 0 errors, 0 left on base; Kelowna 3 - Palm Beach 6
BOTTOM OF THE 2ND
Palm Beach Nationals batting - Pitching for Kelowna Heat : RHP Jerry Schlaak
Batting: RHB Qian Tai 0-0: Ball
1-0: Ball
2-0: Foul Ball, location: 2F
2-1: Ball
3-1: Base on Balls
Batting: RHB Joe Simmelink 0-0: Ball
1-0: Called Strike
1-1: SINGLE (Groundball, 56D, EV 99.4 MPH)
Qian Tai to second
Batting: RHB Rudolph Lentz 0-0: Ball
1-0: Swinging Strike
1-1: Ball
2-1: Ball
3-1: Base on Balls
Qian Tai to third
Joe Simmelink to second
Batting: RHB Victor Rojas 0-0: Called Strike
0-1: Foul Ball, location: 2F
0-2: Ball
1-2: Hit by Pitch
Qian Tai scores
Joe Simmelink to third
Rudolph Lentz to second
Batting: RHB Kenny Ball 0-0: Fly out, F8 (Flyball, 8RM, EV 90.0 MPH)
Runner from 3rd tags up, SCORES, throw by CF
Batting: RHB Jason Curry 0-0: Ball
1-0: Ball
2-0: Called Strike
2-1: Ball
3-1: Called Strike
Rudolph Lentz steals 3rd base
Victor Rojas to second
3-2: Fly out, F3 (Popup, 23F, EV 90.6 MPH)
Batting: RHB Ben Lowe 0-0: Fly out, F9 (Flyball, 9D, EV 105.6 MPH)
Bottom of the 2nd over - 2 runs, 1 hit, 0 errors, 2 left on base; Kelowna 3 - Palm Beach 8
TOP OF THE 3RD
Kelowna Heat batting - Pitching for Palm Beach Nationals : RHP Faradur Bhutani
Batting: LHB Ricardo Torres 0-0: Called Strike
0-1: Ball
1-1: Ball
2-1: Ball
3-1: Base on Balls
Batting: LHB Adrian Navarro 0-0: Swinging Strike
0-1: Ball
1-1: Ball
2-1: Foul Ball, location: 2F
2-2: Strikes out swinging
Batting: RHB Mike Storey 0-0: Swinging Strike
0-1: Swinging Strike
0-2: Strikes out looking
Batting: RHB Soichi Kaneshiro 0-0: Ball
1-0: Ball
2-0: Ball
3-0: Base on Balls
Ricardo Torres to second
Batting: SHB Michael Woodard 0-0: Ball
1-0: Ball
2-0: Ball
3-0: Base on Balls
Ricardo Torres to third
Soichi Kaneshiro to second
Batting: RHB Sean Gilbert 0-0: Called Strike
0-1: Ball
1-1: Ball
2-1: Swinging Strike
2-2: Strikes out swinging
Top of the 3rd over - 0 runs, 0 hits, 0 errors, 3 left on base; Kelowna 3 - Palm Beach 8
BOTTOM OF THE 3RD
Palm Beach Nationals batting - Pitching for Kelowna Heat : RHP Jerry Schlaak
Batting: LHB Dusty Jones 0-0: Ball
1-0: Foul Ball, location: 2F
1-1: Foul Ball, location: 2F
1-2: SOLO HOME RUN (Flyball, 7LD, EV 94.4 MPH), Distance : 361 ft
Batting: RHB Alex Gonzalez 0-0: Ground out 6-3 (Groundball, 6, EV 88.1 MPH)
Batting: RHB Qian Tai 0-0: Swinging Strike
0-1: SINGLE (Line Drive, 8LS, EV 103.1 MPH)
Batting: RHB Joe Simmelink 0-0: Ball
Qian Tai steals 2nd base
1-0: Ball
2-0: Fly out, F9 (Flyball, 9S, EV 93.1 MPH)
Batting: RHB Rudolph Lentz 0-0: Ball
1-0: 2-RUN HOME RUN (Flyball, 78XD, EV 106.2 MPH), Distance : 438 ft
Batting: RHB Victor Rojas 0-0: SINGLE (Groundball, 13S, EV 60.6 MPH) (infield hit)
Batting: RHB Kenny Ball 0-0: Foul Ball, location: 2F
0-1: Ball
1-1: Ball
2-1: Ball
3-1: Base on Balls
Victor Rojas to second
Batting: RHB Jason Curry 0-0: Fly out, F7 (Flyball, 7S, EV 87.5 MPH)
Bottom of the 3rd over - 3 runs, 4 hits, 0 errors, 2 left on base; Kelowna 3 - Palm Beach 11
TOP OF THE 4TH
Kelowna Heat batting - Pitching for Palm Beach Nationals : RHP Faradur Bhutani
Batting: RHB Glen Limeburner 0-0: Ball
1-0: Ball
2-0: Ball
3-0: Base on Balls
Batting: RHB Joe Nelson 0-0: Ball
1-0: Called Strike
1-1: Ball
2-1: Foul Ball, location: 2F
2-2: Strikes out looking
Batting: RHB Danny Estrada 0-0: Sac Bunt to 23 - play at first, batter OUT! 3-4
Glen Limeburner to second
Batting: LHB Ricardo Torres 0-0: Called Strike
0-1: Swinging Strike
0-2: Ball
1-2: Ball
2-2: DOUBLE (Line Drive, 7LD, EV 103.8 MPH)
Glen Limeburner scores
Batting: LHB Adrian Navarro 0-0: Foul Ball, location: 2F
0-1: Called Strike
0-2: Ball
1-2: Strikes out swinging
Top of the 4th over - 1 run, 1 hit, 0 errors, 1 left on base; Kelowna 4 - Palm Beach 11
BOTTOM OF THE 4TH
Palm Beach Nationals batting - Pitching for Kelowna Heat : RHP Jerry Schlaak
Batting: RHB Ben Lowe 0-0: SOLO HOME RUN (Flyball, 78XD, EV 109.4 MPH), Distance : 458 ft
Batting: LHB Dusty Jones 0-0: Fly out, F8 (Line Drive, 8LD, EV 90.6 MPH)
Batting: RHB Alex Gonzalez 0-0: Swinging Strike
0-1: Swinging Strike
0-2: Ball
1-2: Strikes out looking
Batting: RHB Qian Tai 0-0: Ball
1-0: Ball
2-0: Ball
3-0: Base on Balls
Batting: RHB Joe Simmelink 0-0: Ball
1-0: Fielders Choice at 2nd, 5-4 (Groundball, 56, EV 77.5 MPH)
Bottom of the 4th over - 1 run, 1 hit, 0 errors, 1 left on base; Kelowna 4 - Palm Beach 12
TOP OF THE 5TH
Kelowna Heat batting - Pitching for Palm Beach Nationals : RHP Faradur Bhutani
Pitching: LHP Kevin Perrell
Batting: RHB Mike Storey 0-0: Foul Ball, location: 2F
0-1: Foul Ball, location: 2F
0-2: Ball
1-2: Ball
2-2: Foul Ball, location: 2F
2-2: Ball
3-2: Fly out, F8 (Flyball, 78D, EV 105.0 MPH)
Batting: RHB Soichi Kaneshiro 0-0: Reached on error, E5 (Groundball, 5, EV 80.0 MPH)
Batting: SHB Michael Woodard 0-0: Called Strike
0-1: Foul Ball, location: 2F
0-2: Ball
1-2: Foul Ball, location: 2F
1-2: Strikes out looking
Batting: RHB Sean Gilbert 0-0: Called Strike
Soichi Kaneshiro is caught stealing 2nd base 2-4
Top of the 5th over - 0 runs, 0 hits, 1 error, 0 left on base; Kelowna 4 - Palm Beach 12
BOTTOM OF THE 5TH
Palm Beach Nationals batting - Pitching for Kelowna Heat : RHP Jerry Schlaak
Batting: RHB Rudolph Lentz 0-0: Ball
1-0: SOLO HOME RUN (Flyball, 7LD, EV 96.2 MPH), Distance : 379 ft
Batting: RHB Victor Rojas 0-0: Called Strike
0-1: Fly out, F4 (Popup, 4, EV 73.1 MPH)
Batting: RHB Kenny Ball 0-0: Called Strike
0-1: Ground out 6-3 (Groundball, 6, EV 86.2 MPH)
Batting: RHB Jason Curry 0-0: SINGLE (Groundball, 34D, EV 107.5 MPH)
Batting: RHB Ben Lowe 0-0: Called Strike
0-1: Ball
1-1: Called Strike
1-2: Ball
2-2: Strikes out swinging
Bottom of the 5th over - 1 run, 2 hits, 0 errors, 1 left on base; Kelowna 4 - Palm Beach 13
TOP OF THE 6TH
Kelowna Heat batting - Pitching for Palm Beach Nationals : LHP Kevin Perrell
Batting: RHB Sean Gilbert 0-0: Ball
1-0: Swinging Strike
1-1: Called Strike
1-2: Foul Ball, location: 2F
1-2: Strikes out swinging
Batting: RHB Glen Limeburner 0-0: Called Strike
0-1: SINGLE (Groundball, 6S, EV 68.8 MPH) (infield hit)
Batting: RHB Joe Nelson 0-0: Called Strike
0-1: Ball
1-1: Fly out, F8 (Flyball, 8LM, EV 83.8 MPH)
Batting: RHB Danny Estrada 0-0: Called Strike
0-1: Called Strike
0-2: Foul Ball, location: 2F
0-2: Foul Ball, location: 2F
0-2: Ball
1-2: Foul Ball, location: 2F
1-2: Strikes out swinging
Top of the 6th over - 0 runs, 1 hit, 0 errors, 1 left on base; Kelowna 4 - Palm Beach 13
BOTTOM OF THE 6TH
Palm Beach Nationals batting - Pitching for Kelowna Heat : RHP Jerry Schlaak
Batting: LHB Dusty Jones 0-0: SINGLE (Flyball, 56D, EV 95.6 MPH)
Batting: RHB Alex Gonzalez 0-0: 2-RUN HOME RUN (Flyball, 7D, EV 108.8 MPH), Distance : 418 ft
Batting: RHB Qian Tai 0-0: Ball
1-0: SINGLE (Flyball, 3D, EV 86.2 MPH)
Batting: RHB Joe Simmelink 0-0: Ball
1-0: Foul Ball, location: 2F
1-1: Ball
2-1: Ball
3-1: Called Strike
3-2: Base on Balls
Qian Tai to second
Batting: RHB Rudolph Lentz 0-0: Ball
1-0: Fly out, F8 (Flyball, 8RM, EV 85.6 MPH)
Batting: RHB Victor Rojas 0-0: Ball
1-0: Foul Ball, location: 2F
1-1: Foul Ball, location: 2F
1-2: Foul Ball, location: 2F
1-2: Ball
2-2: Foul Ball, location: 2F
2-2: Ball
3-2: Base on Balls
Qian Tai to third
Joe Simmelink to second
Batting: RHB Kenny Ball 0-0: Ball
1-0: Fly out, F9 (Flyball, 9S, EV 95.6 MPH)
Batting: RHB Jason Curry 0-0: Foul Ball, location: 2F
0-1: Ball
1-1: Called Strike
1-2: Strikes out looking
Bottom of the 6th over - 2 runs, 3 hits, 0 errors, 3 left on base; Kelowna 4 - Palm Beach 15
TOP OF THE 7TH
Kelowna Heat batting - Pitching for Palm Beach Nationals : LHP Kevin Perrell
Batting: LHB Ricardo Torres 0-0: Ground out 6-3 (Groundball, 6, EV 88.1 MPH)
Batting: LHB Adrian Navarro 0-0: Called Strike
0-1: SINGLE (Line Drive, 78S, EV 98.8 MPH)
Pitching: RHP Nate Vandergriff
Batting: RHB Mike Storey 0-0: Ball
1-0: Ball
2-0: Foul Ball, location: 2F
2-1: Ball
3-1: Foul Ball, location: 2F
3-2: Base on Balls
Adrian Navarro to second
Batting: RHB Soichi Kaneshiro 0-0: Swinging Strike
0-1: Called Strike
0-2: Foul Ball, location: 2F
0-2: Ball
1-2: Foul Ball, location: 2F
1-2: Foul Ball, location: 2F
1-2: Ball
2-2: Foul Ball, location: 2F
2-2: Strikes out looking
Batting: SHB Michael Woodard 0-0: Ball
1-0: Foul Ball, location: 2F
1-1: Foul Ball, location: 2F
1-2: 3-RUN HOME RUN (Flyball, 89XD, EV 106.9 MPH), Distance : 419 ft
Batting: RHB Sean Gilbert 0-0: Swinging Strike
0-1: Ball
1-1: Called Strike
1-2: Strikes out swinging
Top of the 7th over - 3 runs, 2 hits, 0 errors, 0 left on base; Kelowna 7 - Palm Beach 15
BOTTOM OF THE 7TH
Palm Beach Nationals batting - Pitching for Kelowna Heat : RHP Jerry Schlaak
Batting: RHB Ben Lowe 0-0: SINGLE (Line Drive, 8RS, EV 93.8 MPH)
Batting: LHB Dusty Jones 0-0: Called Strike
0-1: Ball
1-1: Foul Ball, location: 2F
1-2: Strikes out swinging
Batting: RHB Alex Gonzalez 0-0: SINGLE (Groundball, 56D, EV 106.2 MPH)
Ben Lowe to second
Batting: RHB Qian Tai 0-0: Called Strike
0-1: Foul Ball, location: 2F
0-2: 3-RUN HOME RUN (Flyball, 7D, EV 110.6 MPH), Distance : 403 ft
Batting: RHB Joe Simmelink 0-0: DOUBLE (Line Drive, 8LD, EV 111.9 MPH)
Batting: RHB Rudolph Lentz 0-0: Ball
1-0: DOUBLE (Line Drive, 7LM, EV 91.9 MPH)
Joe Simmelink scores
Batting: RHB Victor Rojas 0-0: SINGLE (Line Drive, 9S, EV 88.8 MPH)
Rudolph Lentz to third
Batting: RHB Kenny Ball 0-0: Fielders Choice at 2nd, 4-6 (Groundball, 4, EV 89.4 MPH)
Rudolph Lentz scores
Batting: RHB Jason Curry 0-0: Called Strike
0-1: Foul Ball, location: 2F
0-2: Ball
1-2: Strikes out swinging
Bottom of the 7th over - 5 runs, 6 hits, 0 errors, 1 left on base; Kelowna 7 - Palm Beach 20
TOP OF THE 8TH
Kelowna Heat batting - Pitching for Palm Beach Nationals : RHP Nate Vandergriff
Batting: RHB Glen Limeburner 0-0: SINGLE (Groundball, 6MS, EV 88.1 MPH) (infield hit)
Batting: RHB Joe Nelson 0-0: Ball
1-0: Ball
2-0: Foul Ball, location: 2F
2-1: Ball
3-1: Foul Ball, location: 2F
3-2: Strikes out swinging
Pitching: RHP Kareem Linz
Batting: RHB Danny Estrada 0-0: Bunt - Flyout to 3S! F3
Batting: LHB Ricardo Torres 0-0: Ball
1-0: Called Strike
1-1: Ball
2-1: Called Strike
2-2: Ball
3-2: Base on Balls
Glen Limeburner to second
Batting: LHB Adrian Navarro 0-0: Called Strike
0-1: Foul Ball, location: 2F
0-2: Ball
1-2: Ball
2-2: Strikes out swinging
Top of the 8th over - 0 runs, 1 hit, 0 errors, 2 left on base; Kelowna 7 - Palm Beach 20
BOTTOM OF THE 8TH
Palm Beach Nationals batting - Pitching for Kelowna Heat : RHP Jerry Schlaak
Batting: RHB Ben Lowe 0-0: SOLO HOME RUN (Flyball, 9LD, EV 92.5 MPH), Distance : 346 ft
Batting: LHB Dusty Jones 0-0: SINGLE (Flyball, 8RS, EV 98.8 MPH)
Batting: RHB Alex Gonzalez 0-0: Fly out, F8 (Flyball, 8LM, EV 78.1 MPH)
Batting: RHB Qian Tai 0-0: Ball
1-0: Ball
2-0: Called Strike
2-1: Ball
3-1: Swinging Strike
3-2: Base on Balls
Dusty Jones to second
Batting: RHB Joe Simmelink 0-0: Called Strike
0-1: Called Strike
0-2: Ball
1-2: Ball
2-2: Ball
3-2: Base on Balls
Dusty Jones to third
Qian Tai to second
Batting: RHB Rudolph Lentz 0-0: Ball
1-0: Called Strike
1-1: Swinging Strike
1-2: Strikes out swinging
Batting: RHB Victor Rojas 0-0: Ball
1-0: Swinging Strike
1-1: Foul Ball, location: 2F
1-2: Foul Ball, location: 2F
1-2: Strikes out swinging
Bottom of the 8th over - 1 run, 2 hits, 0 errors, 3 left on base; Kelowna 7 - Palm Beach 21
TOP OF THE 9TH
Kelowna Heat batting - Pitching for Palm Beach Nationals : RHP Kareem Linz
Batting: RHB Mike Storey 0-0: Ball
1-0: Foul Ball, location: 2F
1-1: Foul Ball, location: 2F
1-2: Ball
2-2: Foul Ball, location: 2F
2-2: Ball
3-2: Base on Balls
Batting: RHB Soichi Kaneshiro 0-0: Called Strike
0-1: Swinging Strike
0-2: Strikes out looking
Batting: SHB Michael Woodard 0-0: Foul Ball, location: 2F
0-1: Ball
1-1: Fielders Choice at 2nd, 1-6 (Groundball, 13, EV 68.1 MPH)
Batting: RHB Sean Gilbert 0-0: Ball
1-0: Swinging Strike
1-1: Swinging Strike
1-2: Strikes out looking
Top of the 9th over - 0 runs, 0 hits, 0 errors, 1 left on base; Kelowna 7 - Palm Beach 21
Tuesday, March 28th , 2023 - OOTP Baseball 23.10 Build 110